 Dungeon Crawl Stone Soup version 0.21.1-1-g345015f (webtiles) character file.

42361 eccles the Severer (level 13, -11/119 HPs)
             Began as a Minotaur Berserker on May 3, 2018.
             Was the Champion of Trog.
             Mangled by an entropy weaver (16 damage)
             ... on level 4 of the Lair of Beasts on May 4, 2018.
             The game lasted 01:51:52 (16753 turns).

eccles the Severer (Minotaur Berserker)            Turns: 16753, Time: 01:51:53

Health: -11/119    AC: -12   Str: 21    XL:     13   Next: 85%
Magic:  12/12      EV:  9    Int: 11    God:    Trog [******]
Gold:   977        SH: 14    Dex: 14    Spells: 12/12 levels left

rFire    + . .     SeeInvis .   a - +4 broad axe of Ragnarok {flame, rF+ rC+ rN+ Str-2}
rCold    + . .     Gourm    .   s - +2 buckler {AC+3}
rNeg     + . .     Faith    .   l - +1 plate armour "Dycsij" {Int+7}
rPois    .         Spirit   .   S - +1 hat
rElec    .         Reflect  +   T - scarf {repulsion}
rCorr    .         Harm     .   C - +0 pair of gloves
MR       .....                  I - +0 pair of boots
Stlth    ..........             i - +5 amulet of reflection
HPRegen  0.29/turn              Q - +2 ring of protection
MPRegen  0.13/turn              L - +1 ring of evasion

@: lethally poisoned (-11 -> -12), corroded, berserk cooldown, slowed, repel
missiles, very slow
A: retaliatory headbutt, horns 2
a: Berserk, Trog's Hand, Brothers in Arms, Burn Spellbooks, Renounce Religion


You were on level 4 of the Lair of Beasts.
You worshipped Trog.
Trog was exalted by your worship.
You were very hungry.

You visited 2 branches of the dungeon, and saw 18 of its levels.
You also visited: Ossuary.

You collected 1359 gold pieces.
You spent 382 gold pieces at shops.

Inventory:

Hand Weapons
 a - the +4 broad axe of Ragnarok (weapon) {flame, rF+ rC+ rN+ Str-2}
   (Trog gifted it to you on level 10 of the Dungeon)

   It has been specially enchanted to burn those struck by it, causing extra
   injury to most foes and up to half again as much damage against particularly
   susceptible opponents.
   Big, fiery blades are also staple armaments of hydra-hunters.
   It affects your strength (-2).
   It protects you from fire.
   It protects you from cold.
   It protects you from negative energy.
 b - a +5 hand crossbow of freezing
 E - a +3 falchion of holy wrath
 H - a +4 flail of protection
 J - a +1 falchion
 K - a +3 hand axe of freezing
 P - a +1 flail of protection
 Z - the +7 hand axe of Midsummer {freeze, rPois rF+ Str+4, unknown}
   (Trog gifted it to you on level 4 of the Lair of Beasts)

   It has been specially enchanted to freeze those struck by it, causing extra
   injury to most foes and up to half again as much damage against particularly
   susceptible opponents.
   It can also slow down cold-blooded creatures.
   It affects your strength (+4).
   It protects you from fire.
   It protects you from poison.
Missiles
 t - 3 tomahawks (quivered)
 F - 5 steel tomahawks
Armour
 l - the +1 plate armour "Dycsij" (worn) {Int+7}
   (You found it on level 10 of the Dungeon)

   It affects your intelligence (+7).
 s - a +2 buckler of protection (worn)
 C - a +0 pair of gloves (worn)
 I - a +0 pair of boots (worn)
 S - a +1 hat (worn)
 T - a scarf of repulsion (worn)
Magical Staves
 h - an uncursed staff of power {unknown}
Jewellery
 g - an uncursed ring of magical power
 i - a +5 amulet of reflection (around neck)
 j - an uncursed ring of protection from magic
 v - an uncursed ring of see invisible
 L - a +1 ring of evasion (right hand)
 M - an uncursed ring of ice
 Q - a +2 ring of protection (left hand)
 U - an uncursed ring of stealth
 V - an uncursed amulet of faith
Wands
 u - a wand of enslavement (2)
 w - a wand of acid (14)
 y - a wand of polymorph (16)
 O - a wand of iceblast (6)
 Y - a wand of random effects (25)
Scrolls
 e - a scroll of magic mapping
 k - 2 scrolls of brand weapon
 m - 2 scrolls of fear
 n - 11 scrolls of remove curse
 o - 6 scrolls of identify
 p - 2 scrolls of blinking
 q - 6 scrolls of fog
 r - 4 scrolls of teleportation
 D - 5 scrolls of enchant weapon
 G - 2 scrolls of enchant armour
 W - a scroll of holy word
Potions
 d - a potion of haste
 f - 4 potions of flight
 x - 4 potions of magic
 z - 2 potions of agility
 A - 4 potions of curing
 B - 3 potions of brilliance
 N - 2 potions of might
 X - a potion of mutation {unknown}
Comestibles
 c - 22 rations
 R - 2 chunks of flesh


   Skills:
 + Level 12.8 Fighting
 + Level 14.8 Long Blades
 * Level 15.2 Axes
 + Level 1.1 Throwing
 + Level 7.8 Armour
 + Level 3.1 Dodging
 + Level 11.9 Shields


You had 12 spell levels left.
You didn't know any spells.

Dungeon Overview and Level Annotations

Branches:
Dungeon (14/15)            Temple (0/1) D:5            Lair (4/6) D:9
    Orc (0/2) D:11         Vaults (0/5) D:13
  Swamp: Lair:2-4    Shoals: Lair:2-4     Snake: Lair:2-4    Spider: Lair:2-4

Altars:
Dithmenos
Elyvilon
Gozag
Makhleb
Nemelex Xobeh
Qazlal
Wu Jian
Yredelemnul

Shops:
D:4 [   D:6 %(


Innate Abilities, Weirdness & Mutations

You reflexively headbutt those who attack you in melee.
You have a pair of horns on your head.


Message History

You feel a strong urge to attack something.
You are no longer berserk.
You are exhausted.
You feel yourself slow down.
There is an open door here.
You feel sick. You block the entropy weaver's attack.
The entropy weaver hits you!
* * * LOW HITPOINT WARNING * * *
You block the entropy weaver's attack. x2
The entropy weaver casts a spell.
The entropic weave corrodes you!
You feel sick.
The entropy weaver casts a spell.
The entropic weave corrodes you! You block the entropy weaver's attack.
The entropy weaver hits you!
* * * LOW HITPOINT WARNING * * *
The entropy weaver hits you.
* * * LOW HITPOINT WARNING * * *
The entropy weaver hits you!
You die...

#.#######...#...#.#...
##....a##aa###........
#....a.†a..# #..#.#...
#....a##a..###....+...
#...##.P##a.##...##..P##... #.
.###....### #.##P..####.##.... #.
.......#####a#....#######.... ..#
##..........a......#.##..#...
...##PP.........@..............†.
.................................
.................................
.................................
........................##.....P.
.............>.........####.##P..
..#.......##.#.#.......# #...##..
.#..##....####.##......###....#..
..........##....#................


You could see 2 entropy weavers and 4 soldier ants.

Vanquished Creatures
  Gastronok (Lair:1)
  Snorg (Lair:4)
  Josephine (Lair:4)
  4 vault guards
  3 hydras
  An ice dragon (D:13)
  3 two-headed ogres
  3 death yaks (D:9)
  3 tengu warriors
  5 skeletal warriors (D:12)
  An unseen horror (D:10)
  2 manticores
  An ugly thing (D:12)
  2 cyclopes
  2 centaur zombies
  A gargoyle (D:12)
  5 spiny frogs
  A komodo dragon (Lair:1)
  2 rime drakes
  2 meliai (D:10)
  6 trolls
  4 polar bears
  4 blink frogs (Lair:3)
  3 hornets (D:10)
  6 slime creatures
  4 hippogriffs
  A meliai zombie (D:13)
  Sigmund (D:3)
  3 wraiths (Lair:4)
  18 yaks
  2 vampires
  5 wyverns
  A basilisk (Lair:3)
  The ghost of TinyReaver the Covered, an amateur HOWn of Okawaru (D:3)
  A steam dragon (D:7)
  A hungry ghost (D:9)
  3 nagas (Lair:4)
  A warg (D:11)
  3 soldier ants
  3 porcupines
  4 water moccasins
  4 orc warriors
  3 sky beasts
  A necrophage (D:11)
  2 phantoms
  2 ice beasts
  5 ogres
  8 wolves
  2 centaurs
  5 crocodiles
  2 big kobolds
  2 elf zombies (Ossuary)
  8 bullfrogs
  2 wyvern zombies
  2 scorpions
  A water moccasin zombie (D:9)
  2 water moccasin skeletons
  10 wights
  12 killer bees
  6 howler monkeys
  6 crimson imps
  3 human zombies (Ossuary)
  A bullfrog skeleton (D:9)
  A gnoll shaman (D:9)
  A bullfrog zombie (D:7)
  3 hounds
  8 orc priests
  9 orc wizards
  Terence (D:3)
  2 centaur skeletons
  3 iguanas
  12 worker ants
  2 big kobold zombies (Ossuary)
  A hound zombie (D:5)
  3 hound skeletons
  3 mummies
  2 worker ant zombies
  14 gnolls
  11 adders
  2 shadow imps
  An ooze (D:2)
  A worm (D:5)
  4 dart slugs
  2 leopard geckos (D:6)
  53 orcs
  4 ball pythons
  3 giant cockroaches
  2 gnoll zombies (D:4)
  6 goblins
  8 hobgoblins
  13 jackals
  3 quokkas
  11 bats
  7 frilled lizards
  A goblin zombie (Ossuary)
  15 hobgoblin zombies
  A jackal skeleton (D:4)
  A jackal zombie (D:5)
  14 kobolds
  8 kobold zombies
  8 orc zombies (Ossuary)
  6 rats
  A fungus (Lair:4)
  2 plants (Lair:4)
461 creatures vanquished.

Vanquished Creatures (collateral kills)
  A porcupine (Lair:4)
  An orc (D:10)
2 creatures vanquished.

Vanquished Creatures (others)
  Nessos (D:13)
  A centaur warrior (D:13)
  A meliai (D:10)
  A centaur (D:5)
  An orc priest (D:8)
  3 orcs
  4 fungi (Lair:4)
  3 plants (Lair:4)
  4 toadstools (D:1)
19 creatures vanquished.

Grand Total: 482 creatures vanquished

Notes
Turn   | Place    | Note
-------+----------+-------------------------------------------
     0 | D:1      | eccles the Minotaur Berserker began the quest for the Orb.
     0 | D:1      | Reached XP level 1. HP: 19/19 MP: 0/0
   217 | D:1      | Reached XP level 2. HP: 25/27 MP: 1/1
   919 | D:1      | Reached ** piety under Trog
   919 | D:1      | Reached XP level 3. HP: 33/33 MP: 2/2
  1008 | D:2      | Reached XP level 4. HP: 28/41 MP: 3/3
  1387 | D:2      | Reached skill level 5 in Long Blades
  1647 | D:2      | Found a faded altar of an unknown god.
  1649 | D:2      | Reached skill level 5 in Fighting
  1876 | D:3      | Reached XP level 5. HP: 47/48 MP: 4/4
  1954 | D:3      | Noticed Terence
  1975 | D:3      | Killed Terence
  1994 | D:3      | Noticed Sigmund
  2012 | D:3      | Killed Sigmund
  2012 | D:3      | Reached XP level 6. HP: 28/57 MP: 5/5
  2150 | D:3      | Noticed TinyReaver's ghost (amateur HOWn)
  2271 | D:3      | Reached *** piety under Trog
  2360 | D:3      | Killed TinyReaver's ghost
  2680 | D:4      | Found a basalt altar of Yredelemnul.
  2806 | D:4      | Found Pialeol's Antique Armour Shop.
  2823 | D:4      | Reached XP level 7. HP: 57/63 MP: 6/6
  2827 | D:4      | Bought a runed buckler for 172 gold pieces
  3363 | D:5      | Entered Level 5 of the Dungeon
  3363 | D:5      | Found a sparkling altar of Nemelex Xobeh.
  3370 | D:5      | Reached skill level 1 in Shields
  3793 | D:5      | Reached XP level 8. HP: 68/73 MP: 7/7
  4028 | D:5      | Found an opulent altar of Gozag.
  4084 | D:5      | Reached **** piety under Trog
  4178 | D:5      | Reached skill level 10 in Long Blades
  4189 | D:5      | Found a staircase to the Ecumenical Temple.
  4233 | D:5      | Found a shadowy altar of Dithmenos.
  4979 | D:6      | Found an ornate altar of the Wu Jian Council.
  5003 | D:6      | Found Etosin's Food Emporium.
  5041 | D:6      | Bought a ration for 70 gold pieces
  5041 | D:6      | Bought a ration for 70 gold pieces
  5041 | D:6      | Bought a ration for 70 gold pieces
  5541 | D:6      | Found Ybbukluz's Weapon Boutique.
  5637 | D:7      | Reached skill level 1 in Throwing
  5637 | D:7      | Reached XP level 9. HP: 81/81 MP: 8/8
  5654 | D:7      | Reached skill level 5 in Shields
  5734 | D:7      | Found a sand-covered staircase.
  5742 | Ossuary  | Entered an ossuary
  5755 | Ossuary  | Reached ***** piety under Trog
  6593 | D:8      | Noticed a cyclops
  6609 | D:8      | Killed a cyclops
  6790 | D:8      | Found a burning altar of Makhleb.
  6800 | D:8      | Noticed a two-headed ogre
  6804 | D:8      | Received a gift from Trog
  6810 | D:8      | Killed a two-headed ogre
  6810 | D:8      | Reached XP level 10. HP: 91/91 MP: 9/9
  6944 | D:8      | Noticed a two-headed ogre
  6951 | D:8      | Killed a two-headed ogre
  7127 | D:8      | Received a gift from Trog
  7327 | D:8      | Found a stormy altar of Qazlal.
  7925 | D:9      | Found a staircase to the Lair.
  7951 | D:9      | Noticed a death yak
  7951 | D:9      | Noticed a death yak
  7973 | D:9      | Noticed a death yak
  7983 | D:9      | Killed a death yak
  7983 | D:9      | Reached skill level 10 in Fighting
  7990 | D:9      | Killed a death yak
  8003 | D:9      | Killed a death yak
  8003 | D:9      | Reached XP level 11. HP: 73/101 MP: 10/10
  8534 | D:10     | Entered Level 10 of the Dungeon
  8952 | D:10     | Found a white marble altar of Elyvilon.
  8967 | D:10     | Got a bloodstained plate armour
  8978 | D:10     | Identified the +1 plate armour "Dycsij" {Int+7} (You found it on level 10 of the Dungeon)
  9091 | D:10     | Received a gift from Trog
  9099 | D:10     | Got a jewelled broad axe {god gift}
  9100 | D:10     | Identified the +4 broad axe of Ragnarok {flame, rF+ rC+ rN+ Str-2} (Trog gifted it to you on level 10 of the Dungeon)
  9371 | D:10     | Paralysed by a hornet for 2 turns
  9375 | D:10     | Paralysed by a hornet for 2 turns
  9378 | D:10     | Paralysed by a hornet for 1 turns
  9379 | D:10     | Reached skill level 10 in Shields
 10025 | D:10     | Paralysed by a hornet for 3 turns
 10145 | D:10     | Reached skill level 1 in Axes
 10168 | D:10     | Killed an unseen horror
 10168 | D:10     | Reached skill level 2 in Axes
 10302 | D:11     | Reached skill level 3 in Axes
 10311 | D:11     | Noticed a seven-headed hydra
 10324 | D:11     | Killed a three-headed hydra
 10324 | D:11     | Reached skill level 4 in Axes
 10896 | D:11     | Reached skill level 5 in Axes
 10986 | D:11     | Found a staircase to the Orcish Mines.
 11011 | D:11     | Reached skill level 6 in Axes
 11152 | D:11     | Reached skill level 7 in Axes
 11475 | D:12     | Noticed a two-headed ogre
 11484 | D:12     | Killed a two-headed ogre
 11624 | D:12     | Noticed a skeletal warrior
 11626 | D:12     | Noticed a skeletal warrior
 11626 | D:12     | Noticed a skeletal warrior
 11645 | D:12     | Killed a skeletal warrior
 11645 | D:12     | Reached skill level 8 in Axes
 11645 | D:12     | Reached XP level 12. HP: 68/110 MP: 11/11
 11661 | D:12     | Reached skill level 9 in Axes
 12368 | D:12     | Reached skill level 5 in Armour
 12416 | D:12     | Found a sparkling altar of Nemelex Xobeh.
 12420 | D:12     | Noticed a six-headed hydra
 12433 | D:12     | Killed a one-headed hydra
 12433 | D:12     | Reached skill level 10 in Axes
 12558 | D:13     | Found a gate to the Vaults.
 12558 | D:13     | Noticed a vault guard
 12558 | D:13     | Noticed a vault guard
 12558 | D:13     | Noticed a vault guard
 12558 | D:13     | Noticed a centaur warrior
 12558 | D:13     | Noticed a vault guard
 12575 | D:13     | Killed a vault guard
 12600 | D:12     | Killed a vault guard
 12605 | D:12     | Killed a vault guard
 12605 | D:12     | Reached skill level 11 in Axes
 12834 | D:12     | Killed a vault guard
 12925 | D:13     | Reached ****** piety under Trog
 13200 | D:13     | Found a frozen archway.
 13202 | D:13     | Noticed an ice dragon
 13229 | D:13     | Killed an ice dragon
 13229 | D:13     | Reached skill level 12 in Axes
 13277 | D:13     | Received a gift from Trog
 13365 | D:13     | Noticed a tengu warrior
 13366 | D:13     | Noticed Nessos
 13381 | D:13     | Killed Nessos
 13668 | D:12     | Killed a tengu warrior
 13668 | D:12     | Reached XP level 13. HP: 106/118 MP: 12/12
 14072 | D:14     | Reached skill level 13 in Axes
 14592 | Lair:1   | Entered Level 1 of the Lair of Beasts
 14606 | Lair:1   | Noticed Gastronok
 14619 | Lair:1   | Killed Gastronok
 14991 | Lair:1   | Reached skill level 14 in Axes
 16387 | Lair:4   | Noticed Josephine
 16402 | Lair:4   | Killed Josephine
 16424 | Lair:4   | Reached skill level 15 in Axes
 16663 | Lair:4   | Noticed Snorg
 16677 | Lair:4   | Killed Snorg
 16714 | Lair:4   | Noticed an entropy weaver
 16718 | Lair:4   | Received a gift from Trog
 16719 | Lair:4   | Got an ancient hand axe {god gift}
 16722 | Lair:4   | Noticed an entropy weaver
 16753 | Lair:4   | HP: 5/119 [entropy weaver (6)]
 16753 | Lair:4   | Mangled by an entropy weaver

Skill      XL: |  1  2  3  4  5  6  7  8  9 10 11 12 13 |
---------------+----------------------------------------+-----
Long Blades    | 4 5 6 7 9 11 13 14 | 14.8
Fighting       | 4 5 6 7 8 9 10 11 12 | 12.8
Armour         | 3 4 6 7 |  7.8
Shields        | 2 4 6 9 10 11 | 11.9
Throwing       | 1 |  1.1
Axes           | 8 12 15 | 15.2
Dodging        | 3 |  3.1

Action                   |  1- 3 |  4- 6 |  7- 9 | 10-12 | 13-15 || total
-------------------------+-------+-------+-------+-------+-------++-------
Melee: Falchion          |    62 |   136 |   420 |   310 |       ||   928
       Headbutt          |     4 |    24 |    96 |   147 |    80 ||   351
       Broad axe         |       |       |       |   340 |   301 ||   641
Throw: Tomahawk          |       |       |     3 |     1 |     3 ||     7
Invok: Berserk           |     1 |     2 |     2 |     9 |     3 ||    17
       Burn Spellbooks   |       |       |     1 |     2 |     2 ||     5
       Brothers in Arms  |       |       |       |       |     1 ||     1
Evoke: Wand              |       |       |       |    10 |       ||    10
  Use: Scroll            |     3 |     9 |     5 |     9 |     6 ||    32
       Potion            |       |     1 |     8 |    10 |     1 ||    20
 Stab: Distracted        |       |       |       |     1 |       ||     1
  Eat: Chunk             |       |     9 |     8 |    10 |     5 ||    32
       Ration            |       |       |     2 |     7 |     2 ||    11
Armor: Ring mail         |    20 |     9 |       |       |       ||    29
       Chain mail        |       |    20 |   112 |     8 |       ||   140
       Plate armour      |       |       |       |   261 |   114 ||   375
Dodge: Dodged            |    44 |    48 |    98 |   153 |    64 ||   407
       Deflected         |       |       |       |       |     2 ||     2
Block: Other             |       |    28 |       |       |       ||    28
       Buckler           |       |       |   146 |   401 |   184 ||   731
       Reflection        |       |       |     9 |    11 |       ||    20
       Rpst.: Falchion   |    12 |    11 |    22 |    12 |       ||    57
